[Event "Titled Tuesday Blitz November 08 Early 2022"]
[White "Liyanage, Ranindu Dilshan"]
[Black "Xiong, Jeffery"]
[WhiteFideId "9915834"]
[BlackFideId "2047640"]
[WhiteElo "2210"]
[BlackElo "2725"]
[Result "0-1"]
[Round "03"]
[TimeControl "180+1"]
[Date "2022.11.08"]
[WhiteClock "0:00:06"]
[BlackClock "0:00:20"]

1. e4 c5 2. Nc3 g6 3. f4 Bg7 4. Nf3 Nc6 5. Bb5 Nd4 6. Bc4 d6 7. d3 Nf6 8. Nxd4 cxd4 9. Ne2 O-O 10. Bb3 Ng4 11. O-O Qb6 12. h3 Ne3 13. Bxe3 dxe3 14. c3 a5 15. d4 e5 16. fxe5 dxe5 17. Qd3 a4 18. Bc4 exd4 19. cxd4 Be6 20. Bxe6 fxe6 21. Qxe3 e5 22. Rxf8+ Rxf8 23. Rd1 Rd8 24. Rd2 exd4 25. Qd3 Kh8 26. Rc2 Qe6 27. b3 axb3 28. axb3 Bh6 29. Rc7 Be3+ 30. Kh1 Qa6 31. Qc2 Qa1+ 32. Kh2 d3 33. Qc4 Qe5+ 34. Ng3 Bf4 0-1


[Site "https://www.chess.com"]

[Event "Titled Tuesday Blitz November 08 Early 2022"]
[White "Lohani, Sujana"]
[Black "Prohorov, Olexandr"]
[WhiteFideId "12311987"]
[BlackFideId "14105578"]
[WhiteElo "1691"]
[BlackElo "1993"]
[Result "0-1"]
[Round "03"]
[TimeControl "180+1"]
[Date "2022.11.09"]
[WhiteClock "0:00:01"]
[BlackClock "0:01:06"]

1. d4 g6 2. Nf3 Bg7 3. e4 c5 4. d5 d6 5. c4 e6 6. Be2 Ne7 7. O-O O-O 8. Nc3 exd5 9. exd5 Nf5 10. Bg5 Qc7 11. Qc2 a6 12. Ne4 f6 13. Bf4 g5 14. Bg3 g4 15. Nfd2 Nxg3 16. Nxg3 f5 17. Nh5 f4 18. Nxg7 Qxg7 19. Ne4 Bf5 20. Bd3 Qg6 21. Rae1 Nd7 22. Qb3 Ne5 23. Bb1 Rab8 24. Qb6 Nxc4 25. Qc7 f3 26. Ng3 Bxb1 27. Rxb1 Nd2 28. Rbd1 Nxf1 29. Rxf1 fxg2 30. Kxg2 h5 31. Re1 h4 32. Ne4 h3+ 33. Kg1 Qf5 34. Re2 Qf3 35. Rd2 Qg2# 0-1


[Site "https://www.chess.com"]

[Event "Titled Tuesday Blitz November 08 Early 2022"]
[White "Lopez Martinez, Josep Manuel"]
[Black "Artemenko, Oleg"]
[WhiteFideId "2212943"]
[BlackFideId "14201798"]
[WhiteElo "2471"]
[BlackElo "2287"]
[Result "0-1"]
[Round "03"]
[TimeControl "180+1"]
[Date "2022.11.09"]
[WhiteClock "0:00:42"]
[BlackClock "0:01:03"]

1. e4 e6 2. d4 d5 3. e5 c5 4. c3 Nc6 5. Nf3 Qb6 6. a3 f6 7. Bd3 fxe5 8. dxe5 Nh6 9. O-O Nf7 10. Re1 g6 11. b4 c4 12. Bc2 Bg7 13. Bf4 O-O 14. h4 Nfxe5 15. Bxe5 Nxe5 16. Nd4 Nc6 17. Nf3 Bd7 18. h5 Rxf3 19. Qxf3 Rf8 20. Qg3 Be5 21. Qh4 Rf4 22. Qg3 Re4 23. Qxe5 Rxe5 24. Nd2 Rxh5 25. Nf3 e5 26. Rad1 Be6 27. Re3 Qd8 28. a4 Qf6 29. b5 d4 30. bxc6 dxe3 31. cxb7 exf2+ 32. Kxf2 Qf8 33. a5 Qc5+ 34. Ke2 Qc7 35. a6 e4 36. Bxe4 Rb5 37. Nd4 Rb2+ 38. Rd2 Rxd2+ 39. Kxd2 Qf4+ 40. Kd1 Bg4+ 41. Bf3 Bxf3+ 42. gxf3 Qd6 43. Kc2 Kg7 44. f4 h5 45. f5 h4 46. Nc6 Qd3+ 47. Kb2 Qd2+ 48. Kb1 Qd1+ 49. Ka2 Qb3+ 50. Ka1 Qxc3+ 51. Ka2 Qd2+ 52. Ka3 Qe3+ 53. Ka4 Qb3+ 0-1


[Site "https://www.chess.com"]

[Event "Titled Tuesday Blitz November 08 Early 2022"]
[White "Luberanski, Jakub"]
[Black "Molina, Roberto Junio Brito"]
[WhiteFideId "21830509"]
[BlackFideId "2109450"]
[WhiteElo "2109"]
[BlackElo "2388"]
[Result "0-1"]
[Round "03"]
[TimeControl "180+1"]
[Date "2022.11.09"]
[WhiteClock "0:00:26"]
[BlackClock "0:01:01"]

1. d4 d5 2. c4 c6 3. Nc3 Nf6 4. Nf3 dxc4 5. g3 b5 6. Bg2 Bb7 7. Ne5 a6 8. O-O e6 9. a4 Nd5 10. e4 Nxc3 11. bxc3 Nd7 12. Nxd7 Qxd7 13. Qg4 f5 14. exf5 exf5 15. Re1+ Kf7 16. Qf3 Bd6 17. Bf4 Bxf4 18. Qxf4 Rhe8 19. Bh3 g6 20. g4 Kf6 21. Re5 Rxe5 22. dxe5+ Kg7 23. gxf5 gxf5 24. Bxf5 Qe7 25. Kh1 c5+ 26. f3 Kh8 27. Rd1 Rf8 28. Qg4 Qxe5 29. Be4 Bxe4 30. fxe4 Qxc3 31. Rd7 Qe1+ 32. Kg2 Qf1+ 33. Kg3 Rg8 34. Rd8 Qg1+ 35. Kf4 Qxg4+ 0-1


[Site "https://www.chess.com"]

[Event "Titled Tuesday Blitz November 08 Early 2022"]
[White "Lucas, Arthur"]
[Black "Beerdsen, Thomas"]
[WhiteFideId "26093073"]
[BlackFideId "1030108"]
[WhiteElo "2251"]
[BlackElo "2567"]
[Result "0-1"]
[Round "03"]
[TimeControl "180+1"]
[Date "2022.11.09"]
[WhiteClock "0:00:01"]
[BlackClock "0:01:18"]

1. Nf3 h6 2. e4 g5 3. d4 g4 4. Nh4 h5 5. Nc3 e6 6. g3 Be7 7. Bf4 a6 8. Qd2 b5 9. Bg2 Bb7 10. O-O-O b4 11. Ne2 Nf6 12. d5 a5 13. h3 Na6 14. hxg4 Nxg4 15. Nd4 e5 16. f3 exf4 17. fxg4 fxg3 18. Nhf3 Nc5 19. Nf5 d6 20. Rxh5 Rxh5 21. gxh5 Bf6 22. h6 b3 23. cxb3 a4 24. b4 a3 25. bxc5 axb2+ 26. Kb1 Rxa2 27. Kxa2 Qa8+ 28. Kb3 Ba6 29. Qb4 Bd3 30. Qa4+ Qxa4+ 31. Kxa4 Bc2+ 32. Ka3 Bxd1 33. Nd2 dxc5 34. Ka2 c4 35. Nxc4 Bb3+ 36. Kb1 Bxc4 0-1


[Site "https://www.chess.com"]

[Event "Titled Tuesday Blitz November 08 Early 2022"]
[White "Madaminov, Mukhiddin"]
[Black "Jaskolka, Tomasz"]
[WhiteFideId "14210703"]
[BlackFideId "1170791"]
[WhiteElo "2341"]
[BlackElo "2126"]
[Result "1-0"]
[Round "03"]
[TimeControl "180+1"]
[Date "2022.11.09"]
[WhiteClock "0:02:24"]
[BlackClock "0:00:19"]

1. d4 d5 2. Nc3 Nf6 3. Bf4 c6 4. e3 Qb6 5. a3 Bf5 6. Bd3 Bxd3 7. Qxd3 Qxb2 8. Rb1 Qxa3 9. Rxb7 Qc1+ 10. Ke2 Nbd7 11. Rb1 Qa3 12. Nf3 e6 13. Ra1 Qe7 14. Rhb1 Nh5 15. Rb7 Nxf4+ 16. exf4 Qd6 17. Ne5 Nxe5 18. fxe5 Qd8 19. Qa6 Qc8 20. Rxa7 Qxa6+ 21. R1xa6 Rxa7 22. Rxa7 Be7 23. Na4 Bd8 24. Nc5 O-O 25. Nd7 Re8 26. Ra8 f6 27. exf6 Kf7 28. Ne5+ Kf8 29. f7 Re7 30. Rxd8+ Re8 31. Rxe8# 1-0


[Site "https://www.chess.com"]

[Event "Titled Tuesday Blitz November 08 Early 2022"]
[White "Maghsoodloo, Parham"]
[Black "Gabrielian, Artur"]
[WhiteFideId "12539929"]
[BlackFideId "4131002"]
[WhiteElo "2676"]
[BlackElo "2432"]
[Result "0-1"]
[Round "03"]
[TimeControl "180+1"]
[Date "2022.11.08"]
[WhiteClock "0:01:47"]
[BlackClock "0:00:09"]

1. d4 Nf6 2. c4 c5 3. d5 e6 4. Nc3 exd5 5. cxd5 d6 6. e4 g6 7. Be2 Bg7 8. Bg5 a6 9. a4 Nbd7 10. Nf3 h6 11. Bh4 Qe7 12. Nd2 g5 13. Bg3 Ne5 14. a5 Nfd7 15. h4 Rb8 16. Qc2 b5 17. axb6 Rxb6 18. Nf1 c4 19. Ne3 Nd3+ 20. Bxd3 cxd3 21. Qxd3 Nc5 22. Qc4 O-O 23. hxg5 hxg5 24. O-O Rxb2 25. Rfe1 Bd7 26. Nf5 Bxf5 27. exf5 Qf6 28. Ne4 Nxe4 29. Qxe4 Rd2 30. Rxa6 Rd4 31. Qf3 g4 32. Qe2 Rxd5 33. Qxg4 Qxf5 34. Qxf5 Rxf5 35. Rxd6 Rc8 36. Rd7 Bf6 37. Bc7 Rc5 38. Bf4 Rc4 39. g3 Rc2 40. Kg2 Kg7 41. Rh1 Rd8 42. Rb7 Bd4 43. Rf1 Re8 44. Rd7 Bf6 45. g4 Re4 46. Kg3 Rcc4 47. Be3 Rxg4+ 48. Kf3 Bg5 49. Bb6 Rcf4+ 50. Ke2 Re4+ 51. Kd3 Re6 52. Rd5 Rxb6 53. f3 Rg3 54. Ke4 Bf6 55. f4 Rb4+ 56. Kf5 Rd4 57. Rxd4 Bxd4 58. Rd1 Bf6 59. Rd7 Rg6 60. Rd1 Bh4 61. Rh1 Bg3 62. Ke4 Bf2 63. f5 Rg5 64. Kf4 f6 65. Rd1 Bg3+ 66. Ke4 Be5 67. Rd7+ Kh6 68. Rd3 Rg4+ 69. Kd5 Kg5 70. Ke6 Ra4 0-1


[Site "https://www.chess.com"]

[Event "Titled Tuesday Blitz November 08 Early 2022"]
[White "Maksimovic, Bojan"]
[Black "Adewumi, Tanitoluwa"]
[WhiteFideId "14408120"]
[BlackFideId "30966396"]
[WhiteElo "2447"]
[BlackElo "2537"]
[Result "0-1"]
[Round "03"]
[TimeControl "180+1"]
[Date "2022.11.09"]
[WhiteClock "0:00:11"]
[BlackClock "0:00:05"]

1. d4 Nf6 2. c4 e6 3. Nc3 Bb4 4. a3 Bxc3+ 5. bxc3 Nc6 6. e3 b6 7. Bd3 Bb7 8. e4 Na5 9. Qe2 d6 10. Bg5 h6 11. Bh4 g5 12. Bg3 Nd7 13. Nf3 Rc8 14. h4 g4 15. Nd2 Nf6 16. O-O Rg8 17. f4 Nh5 18. Qf2 c5 19. d5 Qe7 20. Rae1 Ba6 21. Kh2 e5 22. fxe5 dxe5 23. Qf5 Nxg3 24. Kxg3 Rd8 25. Rf2 Bc8 26. Qh5 Rd6 27. Ref1 Rdg6 28. Bc2 R8g7 29. Ba4+ Kf8 30. Bb5 Nb7 31. Bc6 Nd6 32. Rf5 Bxf5 33. exf5 Rf6 34. Rf2 e4 35. Re2 Qe5+ 36. Kf2 Rxf5+ 0-1


[Site "https://www.chess.com"]

[Event "Titled Tuesday Blitz November 08 Early 2022"]
[White "Manon-og, Ramon Jr."]
[Black "Ovchinnikov, Vsevolod"]
[WhiteFideId "5200776"]
[BlackFideId "24176842"]
[WhiteElo "2280"]
[BlackElo "2376"]
[Result "0-1"]
[Round "03"]
[TimeControl "180+1"]
[Date "2022.11.09"]
[WhiteClock "0:01:53"]
[BlackClock "0:01:21"]

1. e4 g6 2. d4 Bg7 3. Nc3 a6 4. Nf3 b5 5. Bd3 d6 6. O-O Nd7 7. Bg5 c5 8. Re1 cxd4 9. Ne2 h6 10. Bh4 g5 11. Bg3 e5 12. h4 Nc5 13. hxg5 hxg5 14. c3 g4 15. Nh2 dxc3 16. Nxc3 Nf6 17. Rc1 Be6 18. b4 Nxd3 19. Qxd3 Rc8 20. Nd5 Nxd5 21. exd5 Bd7 22. Qd4 Rxc1 0-1


[Site "https://www.chess.com"]

[Event "Titled Tuesday Blitz November 08 Early 2022"]
[White "Manukian, Artak"]
[Black "Shapiro, Daniel"]
[WhiteFideId "13301373"]
[BlackFideId "2001780"]
[WhiteElo "2130"]
[BlackElo "2311"]
[Result "1-0"]
[Round "03"]
[TimeControl "180+1"]
[Date "2022.11.09"]
[WhiteClock "0:00:16"]
[BlackClock "0:00:01"]

1. e4 e5 2. Nf3 Nc6 3. d4 exd4 4. Nxd4 d6 5. Nxc6 bxc6 6. Bc4 Nf6 7. Nc3 Be7 8. O-O O-O 9. Bg5 Be6 10. Qe2 d5 11. Bd3 Nxe4 12. Nxe4 Bxg5 13. Nc5 Re8 14. Nxe6 Rxe6 15. Qg4 Bf6 16. Rab1 Rb8 17. b3 Qe7 18. Qa4 Qc5 19. g3 Bd4 20. Rbd1 Bc3 21. Kg2 a5 22. Qg4 Rbe8 23. h4 g6 24. h5 Rf6 25. hxg6 fxg6 26. f4 Qe7 27. Qf3 Qe3 28. Qxe3 Rxe3 29. Rf3 Rfe6 30. Rxe3 Rxe3 31. Rf1 Re7 32. f5 gxf5 33. Rxf5 Rg7 34. a4 Bb4 35. Kf3 Bd6 36. g4 Re7 37. g5 Kg7 38. Kg4 Re5 39. Rxe5 Bxe5 40. Bf5 Bd4 41. Bd7 c5 42. Bc6 c4 43. Bxd5 cxb3 44. cxb3 Bc5 45. Kf5 Bd6 46. Be4 Bb4 47. Kg4 Bd2 48. Kh5 Bc1 49. g6 1-0


[Site "https://www.chess.com"]

[Event "Titled Tuesday Blitz November 08 Early 2022"]
[White "Marin Ramirez, Gerardo"]
[Black "Alahakoon, Isuru"]
[WhiteFideId "3901068"]
[BlackFideId "9900993"]
[WhiteElo "2041"]
[BlackElo "2004"]
[Result "1-0"]
[Round "03"]
[TimeControl "180+1"]
[Date "2022.11.09"]
[WhiteClock "0:00:10"]
[BlackClock "0:00:01"]

1. d4 d5 2. Nf3 Bf5 3. c4 e6 4. cxd5 exd5 5. Qb3 Nc6 6. e3 Nb4 7. Na3 a5 8. Bd2 a4 9. Qc3 Nf6 10. Ne5 Ne4 11. Qc1 c6 12. Be2 Bd6 13. O-O O-O 14. Be1 Qc7 15. f3 Nf6 16. g4 Bg6 17. Nxg6 fxg6 18. g5 Nh5 19. f4 Rae8 20. Bxh5 gxh5 21. Bxb4 Bxb4 22. Nc2 Bd6 23. Qd1 g6 24. Qd3 Qe7 25. b3 axb3 26. axb3 Qe4 27. Qxe4 Rxe4 28. Ra7 Re7 29. Rfa1 Rfe8 30. Ra8 Kf7 31. Rxe8 Rxe8 32. Ra7 Re7 33. Ra8 Ke6 34. Kf2 Kf5 35. Kf3 Rf7 36. Re8 Re7 37. Rxe7 Bxe7 38. Ne1 b6 39. Nd3 c5 40. Ne5 Bd6 41. Nd7 c4 42. bxc4 dxc4 43. Nxb6 c3 44. Nc4 Ke6 45. Ke2 Kd5 46. Kd3 Bb4 47. Ne5 Ke6 48. Nf3 Kf5 49. h3 Ba5 50. Ne1 Ke6 51. Nc2 Kd5 52. e4+ Kd6 53. Ne3 Kc6 54. Nd5 Kd6 55. Nxc3 Ke6 56. Ne2 Bc7 57. d5+ Kd6 58. Kd4 Bb6+ 59. Kc4 Be3 60. e5+ Ke7 61. Kd3 Bb6 62. Ke4 Bc7 63. Nd4 Bb6 64. Ne6 Bg1 65. f5 1-0


[Site "https://www.chess.com"]

[Event "Titled Tuesday Blitz November 08 Early 2022"]
[White "Martin, Lewis"]
[Black "Bodnaruk, Anastasia"]
[WhiteFideId "410551"]
[BlackFideId "4181751"]
[WhiteElo "2145"]
[BlackElo "2319"]
[Result "0-1"]
[Round "03"]
[TimeControl "180+1"]
[Date "2022.11.09"]
[WhiteClock "0:00:10"]
[BlackClock "0:00:27"]

1. e4 c5 2. Nf3 d6 3. d4 cxd4 4. Nxd4 Nf6 5. Nc3 a6 6. Bg5 Nbd7 7. Qe2 e6 8. O-O-O Qc7 9. f4 Be7 10. g4 b5 11. Bg2 Bb7 12. Rhe1 b4 13. Nd5 exd5 14. exd5 O-O 15. Qxe7 Rae8 16. Bxf6 Rxe7 17. Bxe7 Rc8 18. Nc6 Nb8 19. Nd4 Qa5 20. Kb1 Qc5 21. Rd2 Bxd5 22. Bxd5 Qxd5 23. Nb3 Qf3 24. Bxd6 Nc6 25. g5 a5 26. Nc1 a4 27. Rde2 f5 28. gxf6 gxf6 29. Re8+ Rxe8 30. Rxe8+ Kf7 31. Re1 a3 32. bxa3 bxa3 33. Nb3 Qc3 34. Bxa3 Qxe1+ 35. Bc1 Nb4 36. a3 Nd5 37. Ka2 Nc3+ 38. Kb2 Ne2 39. Bd2 Qg1 40. a4 Qxh2 41. a5 Qf2 42. a6 h5 43. Bb4 h4 44. Bc5 Qf3 45. a7 h3 46. Nd2 Qb7+ 0-1


[Site "https://www.chess.com"]

[Event "Titled Tuesday Blitz November 08 Early 2022"]
[White "Matlakov, Maxim"]
[Black "Kowalczyk, Pawel"]
[WhiteFideId "4168003"]
[BlackFideId "1130641"]
[WhiteElo "2669"]
[BlackElo "2324"]
[Result "0-1"]
[Round "03"]
[TimeControl "180+1"]
[Date "2022.11.09"]
[WhiteClock "0:00:01"]
[BlackClock "0:00:18"]

1. Nf3 Nf6 2. g3 g6 3. Bg2 Bg7 4. d4 O-O 5. O-O d5 6. c3 c6 7. Bf4 Nbd7 8. Nbd2 b6 9. c4 Bb7 10. Rc1 e6 11. cxd5 exd5 12. Ne5 Nxe5 13. Bxe5 Re8 14. Re1 Nd7 15. Bxg7 Kxg7 16. e3 Nf6 17. b4 a5 18. a3 axb4 19. axb4 Qd6 20. Qb3 Ra7 21. b5 c5 22. dxc5 bxc5 23. Qc3 Rc8 24. e4 d4 25. Qd3 Nd7 26. f4 Nb6 27. e5 Qd7 28. Bxb7 Rxb7 29. Qe4 c4 30. f5 c3 31. f6+ Kf8 32. Nf3 d3 33. Rxc3 Rxc3 34. Qb4+ Ke8 35. Qxc3 Qxb5 36. e6 Qd5 37. exf7+ Kf8 38. Ne5 Qd6 39. Qd2 Qxf6 40. Qb4+ Re7 41. Nc6 Nd5 42. Qb8+ Kxf7 43. Nxe7 d2 44. Rd1 Qd4+ 45. Kg2 Qe4+ 46. Kh3 Qe6+ 47. Kg2 Ne3+ 48. Kf3 Nxd1 49. Qf4+ Kxe7 0-1


[Site "https://www.chess.com"]

[Event "Titled Tuesday Blitz November 08 Early 2022"]
[White "Matveeva, Olga"]
[Black "Roque Sola, Jose Luis"]
[WhiteFideId "24107018"]
[BlackFideId "5120390"]
[WhiteElo "2055"]
[BlackElo "2117"]
[Result "1-0"]
[Round "03"]
[TimeControl "180+1"]
[Date "2022.11.09"]
[WhiteClock "0:01:28"]
[BlackClock "0:00:01"]

1. d4 Nf6 2. c4 g6 3. Nf3 Bg7 4. g3 O-O 5. Bg2 d5 6. cxd5 Nxd5 7. Nc3 c5 8. e4 Nxc3 9. bxc3 Nc6 10. d5 Bxc3+ 11. Bd2 Bxd2+ 12. Qxd2 Nb4 13. a3 Na6 14. O-O Bd7 15. Qh6 f6 16. e5 Bg4 17. Nh4 fxe5 18. Nxg6 Rf6 19. Nxe7+ Qxe7 20. Qg5+ Qg7 21. Qxe5 Raf8 22. d6 Bd7 23. Bxb7 Nb8 24. Bd5+ Kh8 25. f4 Rg6 26. Rac1 Qxe5 27. fxe5 1-0


[Site "https://www.chess.com"]

[Event "Titled Tuesday Blitz November 08 Early 2022"]
[White "Mazzilli, Piero"]
[Black "Schmidt, Tobias"]
[WhiteFideId "807087"]
[BlackFideId "1271683"]
[WhiteElo "2256"]
[BlackElo "2328"]
[Result "1-0"]
[Round "03"]
[TimeControl "180+1"]
[Date "2022.11.09"]
[WhiteClock "0:00:11"]
[BlackClock "0:00:01"]

1. e4 g5 2. d4 h6 3. h4 g4 4. Qxg4 d5 5. Qe2 dxe4 6. Qxe4 Nf6 7. Qd3 Nc6 8. Nf3 Bg4 9. c3 Qd7 10. Bf4 O-O-O 11. Ne5 Nxe5 12. Bxe5 Bf5 13. Qb5 Rg8 14. Bxf6 exf6 15. Qxd7+ Rxd7 16. Nd2 Bd6 17. g3 Re8+ 18. Kd1 a5 19. Bc4 c6 20. a4 Bc7 21. Rg1 Rde7 22. Nb3 Bg4+ 23. Kd2 Be2 24. Bd3 Bf3 25. Rae1 b6 26. Rxe7 Rxe7 27. Re1 Kd8 28. Rxe7 Kxe7 29. Nc1 Ke6 30. Ke3 Bd1 31. Be4 c5 32. dxc5 bxc5 33. b3 Be5 34. Kd2 Bg4 35. f4 Bc7 36. Nd3 Kd6 37. Nb2 Be6 38. Bc2 Bd5 39. Kd3 Be6 40. Nc4+ Kc6 41. Ne3 Bd7 42. Bd1 Kd6 43. Bg4 Bc6 44. c4 Bh1 45. Nf5+ Kc6 46. Nxh6 Bg2 47. Nxf7 Bf1+ 48. Kc3 Bg2 49. h5 Be4 50. f5 Bxg3 51. h6 Be1+ 52. Kb2 Bf2 53. h7 Bd4+ 54. Ka2 Bc2 55. h8=Q 1-0


[Site "https://www.chess.com"]

[Event "Titled Tuesday Blitz November 08 Early 2022"]
[White "Melikyan, Gnel"]
[Black "Tifferet, Shaked"]
[WhiteFideId "54109990"]
[BlackFideId "2811529"]
[WhiteElo "2138"]
[BlackElo "2142"]
[Result "1-0"]
[Round "03"]
[TimeControl "180+1"]
[Date "2022.11.09"]
[WhiteClock "0:00:12"]
[BlackClock "0:00:02"]

1. e4 c5 2. Nf3 d6 3. d4 cxd4 4. Nxd4 Nf6 5. f3 Nc6 6. c4 e6 7. Nc3 Be7 8. Be3 O-O 9. Qd2 d5 10. cxd5 exd5 11. Nxc6 bxc6 12. e5 Nd7 13. f4 Nc5 14. Rc1 Bf5 15. Be2 Qd7 16. O-O Ne4 17. Nxe4 Bxe4 18. Bd3 Bxd3 19. Qxd3 f6 20. Bd4 fxe5 21. Bxe5 Bf6 22. Qd4 Rae8 23. Rfe1 Bxe5 24. Rxe5 Rxe5 25. fxe5 Qf5 26. h3 h6 27. a4 Kh7 28. Rxc6 Qb1+ 29. Kh2 Rf1 30. Qc3 Rh1+ 31. Kg3 Rd1 32. Qc2+ Rd3+ 33. Kh2 Qxc2 34. Rxc2 Re3 35. Rc7 d4 36. Rxa7 Rxe5 37. Rd7 Re2 38. b4 Rb2 39. Rxd4 Kg6 40. b5 Kf5 41. Rd7 g5 42. Rd6 h5 43. b6 g4 44. hxg4+ hxg4 45. a5 Kf4 46. Rf6+ Kg5 47. Rf8 Kh4 48. Rh8+ Kg5 49. a6 Rxb6 50. a7 Rb3 51. a8=Q g3+ 52. Kh3 Rb6 53. Qe4 Rb3 54. Qe5+ Kg6 55. Qe6+ Kg5 56. Rg8+ Kf4 57. Rg4# 1-0


[Site "https://www.chess.com"]

[Event "Titled Tuesday Blitz November 08 Early 2022"]
[White "Mendez Fortes, Eduardo Jesus"]
[Black "Ozen, Bahadir"]
[WhiteFideId "3502376"]
[BlackFideId "6337058"]
[WhiteElo "2307"]
[BlackElo "2503"]
[Result "1/2-1/2"]
[Round "03"]
[TimeControl "180+1"]
[Date "2022.11.09"]
[WhiteClock "0:00:05"]
[BlackClock "0:00:05"]

1. e4 g6 2. d4 Bg7 3. Nc3 c6 4. f4 d5 5. e5 Nh6 6. Nf3 f6 7. Bd3 Bg4 8. h3 Bxf3 9. Qxf3 O-O 10. h4 fxe5 11. dxe5 Nd7 12. Qh3 Nc5 13. h5 Nxd3+ 14. Qxd3 Qe8 15. Ne2 gxh5 16. Ng3 Qg6 17. Rxh5 e6 18. Rg5 Qxd3 19. cxd3 Kh8 20. Ke2 Rg8 21. Kf3 Bf8 22. Rh5 Rg6 23. Be3 c5 24. Rah1 Kg8 25. f5 Nxf5 26. Nxf5 exf5 27. Rxh7 Bg7 28. Bf4 Re8 29. R7h5 Bxe5 30. Re1 Rge6 31. Rxf5 Bxf4 32. Rxe6 Rxe6 33. Kxf4 Re2 34. Rxd5 Rxg2 35. Rxc5 Rxb2 36. Rc8+ Kf7 37. Ke5 Ke7 38. Rc7+ Kd8 39. Rh7 Rxa2 40. Kd6 Ra6+ 41. Kc5 Rc6+ 42. Kd5 Kc8 43. d4 a5 44. Ke5 a4 45. d5 Rg6 46. d6 Rg1 47. Rh4 Re1+ 48. Kd5 Rd1+ 49. Kc5 a3 50. Rh8+ Kd7 51. Rh7+ Kc8 52. Rh8+ Kd7 53. Ra8 Rd3 54. Ra7 Rc3+ 55. Kd4 Rc6 56. Rxb7+ Kxd6 57. Ra7 a2 58. Rxa2 Kc7 59. Ra5 Kb6 60. Rd5 Kc7 61. Rc5 Rxc5 62. Kxc5 1/2-1/2


[Site "https://www.chess.com"]

[Event "Titled Tuesday Blitz November 08 Early 2022"]
[White "Mihailidis, Anastasios"]
[Black "Papp, Levente"]
[WhiteFideId "4205588"]
[BlackFideId "751243"]
[WhiteElo "2312"]
[BlackElo "2380"]
[Result "0-1"]
[Round "03"]
[TimeControl "180+1"]
[Date "2022.11.09"]
[WhiteClock "0:00:15"]
[BlackClock "0:00:24"]

1. e4 e6 2. d4 d5 3. Nd2 Nc6 4. c3 e5 5. exd5 Qxd5 6. dxe5 Bf5 7. Ngf3 O-O-O 8. Qb3 Nxe5 9. Qxd5 Rxd5 10. Nb3 Nxf3+ 11. gxf3 c5 12. Bc4 Rd7 13. Be3 Nf6 14. Bb5 Rd8 15. O-O b6 16. Ba6+ Kc7 17. Bf4+ Bd6 18. Bg3 Nh5 19. Kg2 Nf4+ 20. Bxf4 Bxf4 21. Rad1 Rxd1 22. Rxd1 Re8 23. Bc4 Bc2 24. Rd5 Re6 25. Bd3 Bxd3 26. Rxd3 Re2 27. Rd5 g6 28. Nc1 Bxc1 0-1


[Site "https://www.chess.com"]

[Event "Titled Tuesday Blitz November 08 Early 2022"]
[White "Milikow, Yoav"]
[Black "Lazavik, Denis"]
[WhiteFideId "2822237"]
[BlackFideId "13515110"]
[WhiteElo "2341"]
[BlackElo "2483"]
[Result "1-0"]
[Round "03"]
[TimeControl "180+1"]
[Date "2022.11.08"]
[WhiteClock "0:00:12"]
[BlackClock "0:00:06"]

1. d4 Nf6 2. c4 e6 3. Nc3 Bb4 4. Qc2 O-O 5. Nf3 c5 6. dxc5 Na6 7. g3 Nxc5 8. Bg2 Nce4 9. O-O Bxc3 10. bxc3 d5 11. Nd2 Qc7 12. Nxe4 Nxe4 13. Ba3 Rd8 14. Rfd1 Nf6 15. Qb3 b6 16. cxd5 exd5 17. c4 Ba6 18. cxd5 Bxe2 19. Re1 Bc4 20. d6 Qc8 21. Qa4 Bd5 22. Rac1 Qf5 23. Qb5 Qd7 24. Qxd7 Rxd7 25. Bh3 Be6 26. Rxe6 fxe6 27. Bxe6+ Kf8 28. Bxd7 Nxd7 29. Rc7 Ke8 30. f4 b5 31. f5 a5 32. Bb2 Ra6 33. Bxg7 Rxd6 34. Rb7 b4 35. g4 Rd2 36. f6 Rd6 37. g5 Kf7 38. h4 Rd5 39. Kg2 Kg6 40. Kf3 Rd3+ 41. Ke2 Rd5 42. Ra7 Ne5 43. Bh6 Kh5 44. f7 Ng6 45. Ra6 Rf5 46. Rxg6 hxg6 47. f8=Q Rxf8 48. Bxf8 Kxh4 49. Bh6 a4 50. Kd3 Kg4 51. Kc4 b3 52. axb3 a3 53. Kc3 a2 54. Kb2 1-0


[Site "https://www.chess.com"]

[Event "Titled Tuesday Blitz November 08 Early 2022"]
[White "Mortazavi, Ali"]
[Black "Jobava, Baadur"]
[WhiteFideId "401323"]
[BlackFideId "13601520"]
[WhiteElo "2339"]
[BlackElo "2582"]
[Result "0-1"]
[Round "03"]
[TimeControl "180+1"]
[Date "2022.11.09"]
[WhiteClock "0:02:15"]
[BlackClock "0:02:36"]

1. Nf3 d5 2. g3 c6 3. Bg2 Nf6 4. O-O Bf5 5. d3 e6 6. c4 Be7 7. Be3 O-O 8. Qb3 Qc8 9. Nc3 Re8 10. Rac1 Na6 11. cxd5 exd5 12. Nd4 Nc5 13. Qd1 Bh3 14. b4 Bxg2 15. Kxg2 Ne6 16. Nf5 Bxb4 17. Nb5 Qd7 18. Qb3 Bf8 19. Nxa7 d4 0-1


[Site "https://www.chess.com"]

[Event "Titled Tuesday Blitz November 08 Early 2022"]
[White "Moskvin, Anatoly"]
[Black "Mesa Cruz, Juan Carlos"]
[WhiteFideId "24199990"]
[BlackFideId "6423400"]
[WhiteElo "2079"]
[BlackElo "2059"]
[Result "1/2-1/2"]
[Round "03"]
[TimeControl "180+1"]
[Date "2022.11.09"]
[WhiteClock "0:00:14"]
[BlackClock "0:00:13"]

1. e4 c5 2. Nf3 d6 3. d4 cxd4 4. Nxd4 Nf6 5. f3 e5 6. Bb5+ Bd7 7. Bxd7+ Qxd7 8. Nf5 d5 9. Bg5 dxe4 10. Bxf6 gxf6 11. Qxd7+ Nxd7 12. fxe4 Rc8 13. c3 Rg8 14. O-O Nc5 15. Nd2 Nd3 16. Rf3 Bc5+ 17. Kf1 Nf4 18. g3 Ne6 19. Nc4 Rd8 20. Ke2 Ng5 21. Rd3 Nxe4 22. Rad1 Rxd3 23. Rxd3 b5 24. Na5 Rg5 25. Nc6 Bb6 26. g4 Rxg4 27. b4 Rf4 28. Ne3 Rf2+ 29. Ke1 Rf3 30. Ke2 Rxe3+ 31. Rxe3 Bxe3 32. Kxe3 Nxc3 33. Nxa7 Nxa2 34. Nxb5 Nxb4 35. Nd6+ Ke7 36. Nf5+ Ke6 37. Ke4 Nc6 38. Ng7+ Kd6 39. Nf5+ Kc5 40. h3 Nd4 41. Nh6 Kd6 42. Nxf7+ Ke6 43. Nd8+ Ke7 44. Nb7 Kf7 45. Nc5 Kg6 46. Nd7 Nc6 47. Kd5 Ne7+ 48. Ke6 Ng8 49. Nf8+ Kg7 50. Nd7 e4 51. Nc5 e3 52. Kf5 e2 53. Nd3 Kf7 54. Ke4 Ne7 55. Ke3 Kg6 56. Kxe2 Kf5 57. Kf3 Ng6 58. Nf2 h5 59. Kg3 h4+ 60. Kf3 Ne5+ 61. Ke3 Nd7 62. Kf3 Nc5 63. Ng4 Ne6 64. Ne3+ Kg5 65. Ng2 Ng7 66. Ke4 f5+ 67. Ke5 Nh5 68. Ne1 f4 69. Nf3+ Kg6 70. Ke4 Kf6 71. Nxh4 Kg5 72. Ng2 Kf6 73. Nxf4 Kg5 74. Ng2 Ng3+ 75. Kf3 Nf5 76. h4+ Nxh4+ 1/2-1/2


[Site "https://www.chess.com"]

[Event "Titled Tuesday Blitz November 08 Early 2022"]
[White "Mouhamad, Joachim"]
[Black "Gritsenko, Nikolai"]
[WhiteFideId "656410"]
[BlackFideId "14112493"]
[WhiteElo "2164"]
[BlackElo "2389"]
[Result "1-0"]
[Round "03"]
[TimeControl "180+1"]
[Date "2022.11.09"]
[WhiteClock "0:00:08"]
[BlackClock "0:00:09"]

1. e4 d5 2. exd5 Nf6 3. d4 Nxd5 4. Nf3 Bf5 5. a3 e6 6. c4 Nb6 7. Nc3 Be7 8. Be2 O-O 9. O-O a5 10. b3 Bf6 11. Bf4 Nc6 12. Nb5 Rc8 13. Rc1 Qe7 14. Qd2 Rfd8 15. Qe3 h6 16. Rfd1 g5 17. Bg3 g4 18. Ne5 Nxe5 19. dxe5 Bg5 20. Bf4 Rxd1+ 21. Rxd1 Rd8 22. Bxg5 hxg5 23. Nd4 Kg7 24. Bd3 c5 25. Nb5 Nc8 26. g3 Rd7 27. Kg2 Qd8 28. Bxf5 Rxd1 29. Bxg4 Rd3 30. Qxc5 Rxb3 31. Bf3 b6 32. Qc6 Ne7 33. Qe4 Nf5 34. Qg4 Rb2 35. Kg1 Qd2 36. Be2 Qxe2 37. Qxg5+ Kh7 38. Qf4 Rb1+ 39. Kg2 Qf1+ 40. Kf3 Rb3+ 41. Kg4 Qe2+ 42. Kg5 Ng7 43. Kf6 Qh5 44. Qe4+ Kh8 45. Ke7 Rf3 46. Qa8+ Kh7 47. Nd6 Nf5+ 48. Kd7 Nxd6 49. exd6 Qf5 50. Qe8 Rd3 51. Qe7 e5+ 52. Ke8 e4 53. d7 Rxd7 54. Qxd7 Kg6 55. Qd2 Qe6+ 56. Kf8 Qxc4 57. Qe3 Qe6 58. Qf4 Qc8+ 59. Ke7 Qb7+ 60. Kd6 Qb8+ 61. Kd5 Qxf4 62. gxf4 f5 63. Ke5 Kh5 64. Kxf5 b5 65. Kxe4 b4 66. axb4 a4 67. Kd3 a3 68. Kc2 Kg4 69. Kb3 Kxf4 70. b5 Ke5 71. Kxa3 Kd6 72. h4 Kc7 73. h5 Kb6 74. h6 1-0


[Site "https://www.chess.com"]